 Dungeon Crawl Stone Soup version 0.30.1-4-g462c640d31 (webtiles) character file.

Game seed: 10361210089257697921

1494126 LordWeiramon the Sabretooth (level 27, 149/149 HPs)
             Began as a Felid Transmuter on Aug 27, 2023.
             Was the Champion of Nemelex Xobeh.
             Escaped with the Orb
             ... and 3 runes on Aug 29, 2023!
             The game lasted 13:14:48 (94575 turns).

LordWeiramon the Sabretooth (Felid Transmuter)     Turns: 94575, Time: 13:14:49

Health: 149/149    AC:  7    Str: 15    XL:     27
Magic:  34/34      EV: 50    Int: 20    God:    Nemelex Xobeh [******]
Gold:   7446       SH:  0    Dex: 26    Spells: 7/38 levels left
                                        Lives:  2   Deaths: 3

rFire   . .          .
                       - Unarmed
rCold   + + .        (shield unavailable)
rNeg    + . .        (body armour unavailable)
rPois   +            (helmet unavailable)
rElec   +            (cloak unavailable)
rCorr   .            (gloves unavailable)
SInv    +            (boots unavailable)
Will    +++++        u - amulet of the Four Winds {rN+ Will+++ Clar}
Stlth   ++           F - ring "Plog" {+Blink rElec AC+4 Str+3 Int+4}
HPRegen 0.44/turn    J - ring of Bupomoza {rPois rC+ Dex+3}
MPRegen 0.24/turn

%: clarity
@: studying Summonings, quick
A: very small, claws 1, fangs 3, see invisible, speed 1, shaggy fur 3, stealthy
paws, no weapons or thrown items, no armour, multi-lived
0: Orb of Zot
}: 3/15 runes: decaying, silver, gossamer
a: Renounce Religion, Evoke Blink, Draw Escape, Draw Destruction, Draw
Summoning, Draw Stack, Triple Draw, Deal Four, Stack Five


You escaped.
You worshipped Nemelex Xobeh.
Nemelex Xobeh was exalted by your worship.
You visited 11 branches of the dungeon, and saw 51 of its levels.
You visited the Abyss 1 time.
You visited 1 bazaar.
You also visited: Sewer, Ossuary, Ice Cave, Wizlab and Desolation.

You collected 10359 gold pieces.
You spent 2913 gold pieces at shops.

Inventory:

Jewellery
 u - the amulet of the Four Winds (around neck) {rN+ Will+++ Clar}
   (You found it on level 5 of the Vaults)

   [amulet of nothing]

   rN:        It protects you from negative energy.
   Clar:      It protects you from confusion, rage, mesmerisation and fear.
   Will:      It greatly increases your willpower.
 w - an amulet of magic regeneration
 C - a ring of fire
 F - the ring "Plog" (left paw) {+Blink rElec AC+4 Str+3 Int+4}
   (You found it in the Desolation of Salt)

   [ring of protection]

   AC:        It affects your AC (+4).
   Str:       It affects your strength (+3).
   Int:       It affects your intelligence (+4).
   rElec:     It insulates you from electricity.
   +Blink:    It lets you blink.
 J - the ring of Bupomoza (right paw) {rPois rC+ Dex+3}
   (You found it on level 4 of the Lair of Beasts)

   [ring of poison resistance]

   Dex:       It affects your dexterity (+3).
   rC:        It protects you from cold.
   rPois:     It protects you from poison.
 N - the amulet of Sloth {Acrobat Stlth+}
   (You found it on level 10 of the Dungeon)

   [amulet of the acrobat]

   It increases your evasion while moving and waiting.
   Stlth:     It makes you more stealthy.
 Q - the amulet of Happiness {Reflect rElec Int+3 SH+5}
   (You found it on level 5 of the Vaults)

   [amulet of reflection]

   It reflects blocked missile attacks.
   Int:       It affects your intelligence (+3).
   rElec:     It insulates you from electricity.
   SH:        It affects your SH (+5).
 T - an amulet of regeneration
 U - the ring of Toaff {rC+ rCorr Str+3 Slay+4}
   (You acquired it on level 3 of the Depths)

   [ring of slaying]

   Str:       It affects your strength (+3).
   Slay:      It affects your accuracy & damage with ranged weapons and melee
   (+4).
   rC:        It protects you from cold.
   rCorr:     It protects you from acid and corrosion.
 V - a ring of protection from fire
 W - the ring "Alo Iha" {rElec Dex+6}
   (You found it in a wizard's laboratory)

   [ring of dexterity]

   Dex:       It affects your dexterity (+6).
   rElec:     It insulates you from electricity.
 X - a ring of willpower
 Y - a ring of flight
 Z - the ring of Obsession {Ice rElec Int-2 Dex+2 Slay+4}
   (You took it off Josephina on level 4 of the Realm of Zot)

   [ring of ice]

   It enhances your ice magic.
   Int:       It affects your intelligence (-2).
   Dex:       It affects your dexterity (+2).
   Slay:      It affects your accuracy & damage with ranged weapons and melee
   (+4).
   rF:        It makes you vulnerable to fire.
   rC:        It protects you from cold.
   rElec:     It insulates you from electricity.
Wands
 c - a wand of light (42)
 l - a wand of roots (66)
 p - a wand of flame (108)
 x - a wand of paralysis (92)
 D - a wand of polymorph (46)
 E - a wand of digging (7)
 O - a wand of mindburst (30)
Scrolls
 a - a scroll of silence
 b - 11 scrolls of immolation
 j - 13 scrolls of fog
 k - 17 scrolls of poison
 n - 11 scrolls of amnesia
 r - 36 scrolls of teleportation
 t - 6 scrolls of magic mapping
 y - 5 scrolls of blinking
 z - 15 scrolls of fear
 A - a scroll of torment
 I - 16 scrolls of vulnerability
 P - 6 scrolls of summoning
Potions
 d - 28 potions of curing
 e - 7 potions of might
 f - 7 potions of ambrosia
 g - 15 potions of flight
 h - 8 potions of cancellation
 m - 5 potions of invisibility
 o - 5 potions of resistance
 q - 14 potions of mutation
 v - 6 potions of haste
 B - 15 potions of brilliance
 H - 7 potions of magic
 M - 5 potions of berserk rage
 R - 12 potions of heal wounds
Miscellaneous
 i - a condenser vane
 s - a box of beasts
 G - a piece from Xom's chessboard (15/15)
 K - a lightning rod (4/4)
 L - a phantom mirror
 S - a phial of floods


   Skills:
 O Level 27 Fighting
 O Level 27 Dodging
 - Level 12.0 Stealth
 O Level 27 Unarmed Combat
 - Level 6.1 Spellcasting
 - Level 7.7 Hexes
 - Level 20.0 Transmutations
 - Level 6.0 Ice Magic
 - Level 12.2 Earth Magic
 + Level 14.0 Invocations


You had 7 spell levels left.
You knew the following spells:

 Your Spells              Type           Power      Damage    Failure   Level
a - Beastly Appendage     Tmut           100%       N/A       0%          1
b - Ensorcelled Hibernat  Hex/Ice        66%        N/A       1%          2
c - Confusing Touch       Hex            37%        N/A       1%          3
d - Passwall              Tmut/Erth      52%        N/A       1%          2
e - Ice Form              Ice/Tmut       55%        N/A       1%          4
f - Statue Form           Tmut/Erth      42%        N/A       1%          6
g - Dragon Form           Tmut           36%        N/A       2%          7
h - Lee's Rapid Deconstr  Erth           26%        3d14*     1%          5
i - Apportation           Tloc           12%        N/A       11%         1

Your spell library contained the following spells:

 Spells                   Type           Power      Damage    Failure   Level
 Wereblood                Tmut           72%        N/A       0%          2
 Freeze                   Ice            100%       1d10      1%          1
 Sandblast                Erth           100%       2d20      1%          1
 Slow                     Hex            100%       N/A       1%          1
 Spider Form              Tmut/Pois      46%        N/A       1%          3
 Tukima's Dance           Hex            37%        N/A       1%          3
 Leda's Liquefaction      Hex/Erth       23%        N/A       1%          4
 Petrify                  Tmut/Erth      63%        N/A       1%          4
 Blade Hands              Tmut           36%        N/A       1%          5
 Yara's Violent Unravell  Hex/Tmut       28%        3d12      1%          5
 Frozen Ramparts          Ice            60%        1d10      2%          3
 Ozocubu's Armour         Ice            30%        N/A       2%          3
 Stone Arrow              Conj/Erth      60%        3d10      2%          3
 Cause Fear               Hex            18%        N/A       4%          4
 Alistair's Intoxication  Tmut/Pois      30%        N/A       4%          5
 Irradiate                Conj/Tmut      23%        3d19      4%          5
 Inner Flame              Hex/Fire       21%        N/A       6%          3
 Summon Guardian Golem    Hex/Summ       21%        N/A       6%          3
 Hailstorm                Conj/Ice       18%        3d6       9%          3
 Kiss of Death            Conj/Necr      24%        2d7       11%         1
 Magic Dart               Conj           24%        1d4       11%         1
 Necrotise                Necr           24%        1d5       11%         1
 Summon Small Mammal      Summ           24%        N/A       11%         1
 Blink                    Tloc           12%        N/A       16%         2
 Call Imp                 Summ           12%        N/A       16%         2
 Cigotuvi's Dreadful Rot  Necr/Pois/Air  12%        N/A       16%         2
 Lesser Beckoning         Tloc           12%        N/A       16%         2
 Momentum Strike          Conj/Tloc      12%        3d8       16%         2
 Sublimation of Blood     Necr           6%         N/A       16%         2
 Metabolic Englaciation   Hex/Ice        16%        N/A       17%         5
 Anguish                  Hex/Necr       10%        N/A       22%         4
 Fulminant Prism          Conj/Hex       10%        3d8       22%         4
 Borgnjor's Vile Clutch   Necr/Erth      15%        N/A       22%         5
 Call Canine Familiar     Summ           6%         N/A       30%         3
 Gell's Gravitas          Tloc           6%         N/A       30%         3
 Mephitic Cloud           Conj/Pois/Air  6%         N/A       30%         3
 Swiftness                Air            6%         N/A       30%         3
 Teleport Other           Tloc           6%         N/A       30%         3
 Vampiric Draining        Necr           6%         2d6       30%         3
 Vhi's Electric Charge    Tloc/Air       12%        N/A       30%         3
 Volatile Blastmotes      Fire/Tloc      12%        2d11      30%         3
 Animate Dead             Necr           6%         N/A       71%         4
 Dispel Undead            Necr           6%         3d8       71%         4
 Flame Wave               Conj/Fire      6%         2d5       71%         4
 Iskenderun's Mystic Bla  Conj/Tloc      6%         2d4       71%         4
 Manifold Assault         Tloc           6%         N/A       71%         4
 Passage of Golubria      Tloc           6%         N/A       71%         4
 Sticky Flame             Conj/Fire      6%         2d3       71%         4
 Iron Shot                Conj/Erth      15%        9d4       77%         6
 Agony                    Necr           6%         N/A       96%         5
 Arcjolt                  Conj/Air       3%         1d13      96%         5
 Fireball                 Conj/Fire      3%         3d4       96%         5
 Iskenderun's Battlesphe  Conj           6%         2d6       96%         5
 Enfeeble                 Hex            18%        N/A       98%         7
 Simulacrum               Ice/Necr       9%         N/A       99%         6
 Conjure Ball Lightning   Conj/Air       3%         3x3d6     100%        6
 Death Channel            Necr           3%         N/A       100%        6
 Dispersal                Tloc           3%         N/A       100%        6
 Plasma Beam              Fire/Air       3%         2x1d14    100%        6
 Starburst                Conj/Fire      3%         6d3       100%        6
 Haunt                    Necr/Summ      3%         N/A       100%        7
 Orb of Destruction       Conj           3%         9d5       100%        7
 Ozocubu's Refrigeration  Ice            15%        4d10      100%        7
 Spellforged Servitor     Conj/Summ      3%         N/A       100%        7
 Summon Hydra             Summ           3%         N/A       100%        7
 Discord                  Hex            18%        N/A       100%        8
 Disjunction              Tloc           3%         N/A       100%        8
 Infestation              Necr           3%         N/A       100%        8
 Lehudib's Crystal Spear  Conj/Erth      15%        10d5      100%        8
 Maxwell's Capacitive Co  Air            3%         ∞         100%        8
 Chain Lightning          Conj/Air       3%         3d4       100%        9
 Dragon's Call            Summ           3%         N/A       100%        9
 Fire Storm               Conj/Fire      3%         8d1       100%        9
 Polar Vortex             Ice            15%        N/A       100%        9
 Shatter                  Erth           26%        3d22*     100%        9
 Animate Armour           Summ/Erth      Unusable   N/A       N/A         4

Dungeon Overview and Level Annotations

Branches:
Dungeon (15/15)            Temple (1/1) D:4            Lair (5/5) D:10
  Swamp (4/4) Lair:2       Spider (4/4) Lair:2        Slime (0/5) Lair:5
    Orc (2/2) D:9             Elf (3/3) Orc:2        Vaults (5/5) D:14
  Crypt (3/3) Vaults:2       Tomb (0/3) Crypt:3      Depths (4/4) D:15
    Zot (5/5) Depths:4      Sewer (visited)         Ossuary (visited)
  IceCv (visited)          WizLab (visited)         Desolation (visited)

Altars:
Ashenzari
Cheibriados
Dithmenos
Elyvilon
Fedhas
Gozag
Hepliaklqana
Kikubaaqudgha
Makhleb
Nemelex Xobeh
Okawaru
Qazlal
Ru
Sif Muna
Trog
Uskayaw
Vehumet
Wu Jian
Xom
Yredelemnul
Zin
The Shining One
Jiyva

Shops:
D:10 *   D:12 [   D:13 [   Orc:2 [(*:   Elf:1 !   Vaults:4 (

Portals:
Hell: Depths:1 Depths:2 Depths:3 Depths:4
Abyss: Swamp:2 Depths:3
Pandemonium: Depths:2 Depths:3
Ziggurat: Depths:3

Annotations:
Lair:1 1 death yaks
Zot:5 36 runed doors


Innate Abilities, Weirdness & Mutations

You have sharp claws.
You have razor-sharp teeth.
You have supernaturally acute eyesight. (SInv)
You cover ground quickly. (Speed+)
Your thick and shaggy fur keeps you warm. (AC +3, rC+)
Your paws help you pounce on unaware monsters.
You are incapable of wielding weapons or throwing items.
You cannot wear armour.
You gain extra lives every three experience levels.


Message History

A demonspawn corrupter, a shadow demon and a demonspawn blood saint come into view.
The shadow demon croaks.
The demonspawn corrupter calls forth creatures from the Crypt!
There is a stone staircase leading up here.
The shadow demon gestures.
You climb upwards.
There is a stone staircase leading down here.
(D) Dungeon (T) Temple (L) Lair (S) Swamp (N) Spider Nest (M) Slime Pits (O) Orcish Mines (E) Elven Halls (V) Vaults (C) Crypt (W) Tomb (U) Depths (H) Hell (Z) Zot
Where to? (Enter - D:1, ? - help)
A blizzard demon comes into view.
The blizzard demon shouts!
There is an escape hatch in the ceiling here.
A mysterious force pulls you upwards. The hatch slams shut behind you.
(D) Dungeon (T) Temple (L) Lair (S) Swamp (N) Spider Nest (M) Slime Pits (O) Orcish Mines (E) Elven Halls (V) Vaults (C) Crypt (W) Tomb (U) Depths (H) Hell (Z) Zot
Where to? (Enter - D:1, ? - help)
There is a stone staircase leading up here.
You climb upwards.
There is a stone staircase leading down here.
You see here a +0 halberd.
There is a stone staircase leading up here.
You climb upwards.
There is a stone staircase leading down here.
There is a stone staircase leading up here.
You climb upwards.
There is a stone staircase leading down here.
There is a stone staircase leading up here.
You climb upwards.
There is a stone staircase leading down here.
There is a stone staircase leading up here.
You climb upwards.
There is a stone staircase leading down here.
You see here a +0 ring mail.
There is a staircase leading out of the dungeon here.
You have escaped!

################ #..........#
##........##....# #......[...#
...######....##.####..........#
.### ####..####.##............#
.### #........................#
...###.########...............#
.#.....### #.........#..####
.###.....# ###.##.......#
.........# #.@..#.......#
.........# #....#.......#
.#...##### ##'#'##.......#####
...### #######..#..............#
.#...###...##..##........).....#
.#####.........##..............#
.# #........###..............#
.# ####.....### #..............#
.###.############..............#


There were no monsters in sight!

Vanquished Creatures
  7 ancient liches
  5 orbs of fire
  2 dread liches (Vaults:5)
  Mara (Vaults:5)
  Mennas (Crypt:3)
  A juggernaut (Depths:3)
  Josephina (Zot:4)
  The ghost of Nexecaru the Impregnable, a veteran MiGl of Hepliaklqana (Crypt:2)
  4 Killer Klowns
  Saint Roka (Depths:2)
  5 curse toes
  12 golden dragons
  Nikola (Spider:4)
  A profane servitor (Crypt:3)
  A bone dragon (Abyss:3)
  Arachne (Spider:3)
  Jorgrun (Spider:3)
  3 electric golems (Zot:5)
  Zenata (Vaults:3)
  A walking crystal tome (Depths:3)
  13 tentacled monstrosities
  A Hell Sentinel (Swamp:2)
  2 walking divine tomes (Depths:2)
  Mlioglotl (Spider:4)
  3 deep elf blademasters
  25 Orb Guardians (Zot:5)
  9 titans
  7 liches
  The ghost of 0gre the Luminary of Lethal Lore, an adept GnIE of Vehumet (Depths:1)
  2 deep elf master archers (Elf:3)
  3 quicksilver dragons
  10 death cobs
  7 ancient champions
  2 walking frostbound tomes
  5 tentacled starspawn
  An eldritch tentacle (WizLab)
  8 shadow dragons
  6 sphinxes
  19 storm dragons
  Roxanne (Swamp:1)
  Frances (Spider:2)
  Donald (Swamp:1)
  14 fire giants
  4 revenants
  3 draconian knights
  3 draconian monks
  4 tengu reavers
  7 iron dragons
  4 emperor scorpions
  7 spectral caustic shrikes
  19 frost giants
  5 deep elf sorcerers
  3 imperial myrmidons (Desolation)
  3 balrugs
  A cacodemon (Swamp:2)
  8 draconian shifters
  5 deep elf elementalists (Elf:3)
  Aizul (Vaults:4)
  7 ghost moths
  A curse skull (Crypt:2)
  18 vault wardens
  A juggernaut zombie (Crypt:2)
  3 orc warlords
  A quicksilver ooze (Lair:5)
  8 war gargoyles
  17 ironbound preservers
  2 draconian annihilators
  4 draconian stormcallers
  52 very ugly things
  2 broodmothers
  A juggernaut skeleton (Crypt:3)
  2 spriggan defenders (Depths:3)
  4 ironbound thunderhulks
  3 reapers
  18 stone giants
  9 deep elf demonologists
  The ghost of Amet the Severer, a journeyman MiBe of Trog (Swamp:2)
  17 ghouls
  6 green draconians
  A rockslime zombie (Crypt:1)
  9 vampire knights
  14 white draconians
  5 bunyips
  7 black draconians
  2 eleionomae (Swamp:1)
  5 deep elf annihilators
  13 purple draconians
  8 dire elephants
  A halazid warlock (Desolation)
  11 red draconians
  2 starcursed masses
  11 spark wasps
  7 yellow draconians
  8 eidola
  A spark wasp (shapeshifter) (Vaults:5)
  Snorg (D:13)
  12 yaktaur captains
  2 blizzard demons (Abyss:3)
  20 ettins
  8 deep elf death magi
  11 fire dragons
  6 crystal guardians
  3 green deaths
  8 jiangshi
  2 merfolk impalers (Depths:4)
  A great orb of eyes (shapeshifter) (Depths:3)
  6 entropy weavers
  A mummy priest (Crypt:3)
  6 ragged hierophants (Desolation)
  11 servants of whispers (Desolation)
  2 spriggan zombies
  5 deep elf high priests
  6 rakshasas
  7 great orbs of eyes
  The ghost of Arunde the Cleaver, a journeyman MiBe of Trog (Lair:1)
  A spectral spriggan (Depths:1)
  Fannar (Lair:3)
  4 ice dragons
  A spectral tengu (Depths:1)
  Harold (D:9)
  A ghost crab (Swamp:1)
  3 caustic shrike simulacra (IceCv)
  4 spriggan air magi
  A quicksilver dragon skeleton (Crypt:3)
  2 hell beasts (Swamp:4)
  4 jorogumos
  12 hydras
  A spectral shadow dragon (Depths:1)
  2 alligators (Swamp:2)
  17 peacekeepers
  An ogre mage (Vaults:3)
  32 vault guards
  A spectral sphinx (Depths:1)
  3 radroaches (Spider:4)
  4 boulder beetles
  7 death knights
  A catoblepas (D:9)
  An anaconda (Swamp:2)
  7 deep troll earth magi
  33 dancing weapons
  A two-headed ogre (shapeshifter) (Depths:2)
  8 centaur warriors
  9 ironbound frosthearts
  8 two-headed ogres
  5 hell hogs
  8 tengu warriors
  10 deep troll shamans
  A fenstrider witch skeleton (Crypt:1)
  12 vampire magi
  Urug (Lair:5)
  4 thrashing horrors
  A spectral storm dragon (Depths:1)
  7 spriggan berserkers
  17 death yaks
  13 deep elf knights
  Sonja (Lair:4)
  17 hell knights
  An orc high priest (Orc:2)
  3 shadow wraiths
  A wretched star (Abyss:3)
  A skyshark (Depths:1)
  3 sun demons
  4 soul eaters
  17 iron trolls
  2 storm dragon skeletons (Crypt:1)
  An anaconda zombie (Crypt:2)
  6 sixfirhies
  7 goliath frogs
  A sea snake (shapeshifter) (Vaults:5)
  4 spriggan druids
  66 deep trolls
  6 orb spiders
  21 skeletal warriors
  4 pharaoh ants
  A sun moth (Spider:3)
  10 flayed ghosts
  2 shadow demons
  A tengu zombie (Vaults:1)
  6 swamp dragons
  6 spriggan simulacra
  12 wizards
  8 deep elf archers
  2 glowing orange brains
  20 lindwurms
  2 harpies (Swamp:2)
  20 ironbound convokers
  An orange crystal statue (Depths:3)
  An anaconda skeleton (Crypt:2)
  11 bog bodies
  27 deep elf zephyrmancers
  A jorogumo zombie (Crypt:1)
  38 deep elf pyromancers
  6 steelbarb worms
  9 phantasmal warriors
  20 wolf spiders
  2 obsidian statues
  6 orc knights
  11 necromancers
  A mana viper (Depths:3)
  6 cyclopes
  6 orc sorcerers
  2 worldbinders
  A human zombie (Vaults:3)
  47 ugly things
  A salamander (Depths:1)
  4 manticores
  2 will-o-the-wisps
  31 moths of wrath
  An oklob plant (Lair:3)
  A sphinx skeleton (Crypt:3)
  An eleionoma skeleton (Crypt:1)
  7 guardian serpents
  A stone giant skeleton (Crypt:2)
  7 elephants
  An eye of devastation (shapeshifter) (Vaults:5)
  Joseph (D:7)
  3 rust devils
  22 vault sentinels
  A molten gargoyle (Depths:1)
  A centaur skeleton (Crypt:1)
  8 demonic crawlers
  10 torpor snails
  6 black mambas
  5 orange demons
  2 titan simulacra
  A dire elephant zombie (Crypt:1)
  A gargoyle (D:12)
  7 smoke demons
  A shock serpent skeleton (Crypt:3)
  5 cane toads
  6 efreet
  2 rime drakes (shapeshifter)
  Maggie (D:10)
  An unseen horror (D:12)
  2 kobold demonologists
  4 rime drakes
  2 tengu conjurers
  6 komodo dragons
  43 yaktaurs
  28 freezing wraiths
  A swamp worm zombie (Crypt:2)
  4 anaconda simulacra
  2 spectral glowing shapeshifters (Depths:1)
  An ice devil (Depths:3)
  A yaktaur skeleton (WizLab)
  2 harpy zombies
  6 trolls
  A bloated husk (Swamp:3)
  A troll (shapeshifter) (Elf:3)
  An ancient zyme (Abyss:3)
  3 red devils
  2 shadow dragon simulacra
  4 hellwings
  7 meliai
  8 guardian mummies
  16 tyrant leeches
  11 polar bears
  75 saltlings
  A queen bee (D:8)
  2 harpy skeletons
  2 wolf spider simulacra (D:15)
  20 hornets
  16 blink frogs
  A hydra zombie (Crypt:3)
  2 sphinx simulacra (Depths:1)
  29 tarantellas
  11 dream sheep
  13 raiju
  A snapping turtle (shapeshifter) (Vaults:5)
  Prince Ribbit (D:7)
  2 draconian simulacra (Zot:4)
  49 slime creatures
  25 jumping spiders
  A culicivora (shapeshifter) (Elf:3)
  4 air elementals
  19 culicivoras
  3 ynoxinuls
  2 shadows (Swamp:4)
  5 flying skulls (Crypt:2)
  11 spriggans
  5 wyverns
  3 vampires
  5 dire elephant simulacra (IceCv)
  An elf skeleton (Vaults:1)
  A basilisk (Lair:5)
  11 wraiths
  2 fire elementals
  6 golden eyes (Abyss:3)
  45 yaks
  15 water elementals
  5 large abominations
  A golden eye (shapeshifter) (D:13)
  A basilisk (shapeshifter) (D:14)
  Eustachio (D:4)
  43 redbacks
  3 neqoxecs
  14 vampire mosquitoes
  4 chaos spawn
  7 steam dragons
  Grum (D:10)
  3 harpy simulacra
  An ogre zombie (Vaults:3)
  11 spatial vortices (WizLab)
  16 swamp worms
  8 wargs
  Edmund (D:4)
  An acid dragon (Depths:3)
  A naga zombie (Crypt:3)
  13 water moccasins
  16 hell hounds
  3 moth of wrath simulacra (Zot:4)
  A floating eye (Depths:1)
  37 orc warriors
  A sky beast (D:7)
  A hornet zombie (Crypt:3)
  2 ice beasts
  13 black bears
  5 alligator simulacra
  An ettin simulacrum (Vaults:3)
  An elephant zombie (Crypt:1)
  9 ogres
  2 small abominations
  33 wolves
  6 boggarts (Vaults:1)
  7 centaurs
  A wolf (shapeshifter) (D:14)
  A swamp dragon skeleton (Crypt:2)
  2 phantoms (D:5)
  10 kobold brigands
  A rime drake zombie (Crypt:2)
  9 bullfrogs
  A gnoll sergeant (D:13)
  A human skeleton (Vaults:1)
  3 earth elementals
  6 deep troll simulacra
  11 necrophages
  3 scorpions
  A glowing shapeshifter simulacrum (Depths:1)
  8 wights
  A troll zombie (Crypt:3)
  A raiju skeleton (Crypt:3)
  23 killer bees
  4 lindwurm simulacra (IceCv)
  A troll skeleton (Crypt:3)
  4 howler monkeys (D:8)
  A shapeshifter skeleton (Crypt:3)
  6 quasits
  6 hounds
  6 jellies
  21 orc priests
  A basilisk zombie (Crypt:2)
  Crazy Yiuf (D:4)
  A gnoll bouda (D:4)
  3 iron imps
  2 hell rats (Lair:1)
  5 iguanas
  26 orc wizards
  3 sleepcaps
  A deep dwarf zombie (Crypt:1)
  A howler monkey zombie (Crypt:2)
  4 mummies
  15 gnolls
  8 adders
  15 river rats
  A shadow imp (D:7)
  A white imp (WizLab)
  2 worms (Sewer)
  4 dart slugs
  105 orcs
  5 ball pythons
  3 bats
  8 endoplasms
  7 giant cockroaches
  6 goblins
  11 hobgoblins
  5 quokkas
  An endoplasm zombie (Crypt:3)
  2 frilled lizards
  5 goblin zombies (Ossuary)
  4 hobgoblin zombies (Ossuary)
  A jackal skeleton (Crypt:3)
  22 kobolds
  An orc skeleton (Crypt:1)
  20 rats
  A lurking horror (Swamp:2)
2765 creatures vanquished.

Vanquished Creatures (collateral kills)
  A bunyip (Swamp:4)
  A shambling mangrove (Swamp:4)
  A hydra (Swamp:4)
  A rakshasa (D:10)
  A tengu warrior (D:10)
  2 skeletal warriors (D:15)
  A wizard (D:15)
  2 will-o-the-wisps (Swamp:4)
  2 meliai (D:15)
  4 hornets
  A slime creature (D:10)
  A wraith (Ossuary)
  A centaur (D:6)
  2 wights (D:6)
  A quasit (D:12)
  2 hounds
24 creatures vanquished.

Vanquished Creatures (others)
  A fire giant (Depths:3)
  2 deep elf pyromancers
  A moth of wrath (Zot:4)
  A cyclops (D:14)
  A bloated husk (Swamp:2)
  A saltling (Desolation)
  A spriggan (Swamp:4)
  A swamp worm (Swamp:3)
  A small abomination (Abyss:3)
  11 foxfires (Swamp:4)
  9 starspawn tentacles
30 creatures vanquished.

Grand Total: 2819 creatures vanquished

Notes
Turn   | Place    | Note
-------+----------+-------------------------------------------
     0 | D:1      | LordWeiramon the Felid Transmuter began the quest for the
                  | Orb.
     0 | D:1      | Reached XP level 1. HP: 9/9 MP: 4/4
   150 | D:1      | Reached XP level 2. HP: 12/12 MP: 6/6
   752 | D:2      | Reached XP level 3. HP: 16/16 MP: 7/7
   818 | D:2      | Reached skill level 1 in Stealth
  1496 | D:2      | Learned a level 2 spell: Ensorcelled Hibernation
  1940 | D:3      | Reached XP level 4. HP: 14/19 MP: 8/8
  2527 | D:4      | Reached skill level 5 in Dodging
  2624 | D:4      | Slain by a hound
  2625 | D:4      | Reached XP level 3. HP: 0/16 MP: 7/7
  2655 | D:4      | Reached skill level 1 in Hexes
  2683 | D:4      | Found a glowing drain.
  2711 | D:4      | Reached XP level 4. HP: 12/19 MP: 8/8
  2731 | Sewer    | Entered a sewer
  3002 | Sewer    | Noticed a kobold brigand
  3037 | Sewer    | Killed a kobold brigand
  3038 | Sewer    | Reached XP level 5. HP: 20/22 MP: 3/9
  3379 | D:4      | Found a staircase to the Ecumenical Temple.
  3385 | D:4      | Noticed Edmund
  3388 | Temple   | Entered the Ecumenical Temple
  3666 | Temple   | Became a worshipper of Nemelex Xobeh the Trickster
  3795 | D:5      | Entered Level 5 of the Dungeon
  3843 | D:5      | Noticed a phantom
  3854 | D:5      | Killed a phantom
  3855 | D:5      | Reached skill level 5 in Unarmed Combat
  3855 | D:5      | Gained mutation: You are covered in thick fur. (AC +2)
                  | [Felid growth]
  3855 | D:5      | Reached XP level 6. HP: 19/26 MP: 10/10
  4156 | D:5      | Noticed an ice beast
  4188 | D:5      | Reached skill level 5 in Hexes
  4216 | D:5      | Noticed an orc warrior
  4225 | D:4      | Noticed Eustachio
  5697 | D:4      | Killed an ice beast
  5698 | D:4      | Reached XP level 7. HP: 30/30 MP: 11/11
  6236 | D:5      | Reached * piety under Nemelex Xobeh
  6918 | D:6      | Found a sacrificial altar of Ru.
  6971 | D:6      | Found a sand-covered staircase.
  6979 | Ossuary  | Entered an ossuary
  6979 | Ossuary  | Noticed a wraith
  6979 | Ossuary  | Noticed a wraith
  6979 | Ossuary  | Noticed a wraith
  7239 | Ossuary  | Noticed a wraith
  7240 | Ossuary  | Received a gift from Nemelex Xobeh
  7645 | Ossuary  | Reached skill level 1 in Invocations
  7706 | Ossuary  | Killed a wraith
  7707 | Ossuary  | Reached XP level 8. HP: 34/34 MP: 12/12
  7892 | D:6      | Found a glowing silver altar of Zin.
  8116 | D:6      | Identified a scroll of acquirement
  8118 | D:6      | Acquired 1142 gold pieces
  8251 | D:6      | Reached ** piety under Nemelex Xobeh
  8765 | D:4      | Killed Edmund
  8858 | D:4      | Found a runed translucent door.
  8859 | D:4      | Noticed Crazy Yiuf
  8867 | D:4      | Killed Crazy Yiuf
  8942 | D:4      | Learned a level 2 spell: Passwall
  8994 | D:4      | Killed Eustachio
  9314 | D:5      | Reached XP level 9. HP: 37/37 MP: 8/13
  9936 | D:6      | Reached skill level 5 in Stealth
 10121 | D:7      | Found a sacrificial altar of Ru.
 10128 | D:7      | Noticed Joseph
 10163 | D:7      | Received a gift from Nemelex Xobeh
 10256 | D:7      | Noticed Prince Ribbit
 10269 | D:7      | Noticed a rust devil
 10273 | D:7      | Killed Prince Ribbit
 10651 | D:7      | Reached skill level 5 in Invocations
 10925 | D:7      | Killed Joseph
 10988 | D:7      | Received a gift from Nemelex Xobeh
 11172 | D:8      | Learned a level 3 spell: Confusing Touch
 11520 | D:8      | Reached *** piety under Nemelex Xobeh
 11794 | D:8      | Reached XP level 10. HP: 42/42 MP: 11/14
 12184 | D:9      | Found a staircase to the Orcish Mines.
 12326 | D:8      | Reached skill level 10 in Dodging
 12555 | D:8      | Reached skill level 5 in Fighting
 12561 | D:8      | Learned a level 4 spell: Ice Form
 12596 | D:9      | Noticed a manticore
 12713 | D:9      | Reached skill level 1 in Ice Magic
 13083 | D:9      | Reached skill level 10 in Stealth
 13247 | D:9      | Noticed a cyclops
 13600 | D:9      | Killed a cyclops
 13771 | D:9      | Killed a manticore
 13903 | D:9      | Noticed a two-headed ogre
 13903 | D:9      | Noticed a catoblepas
 13958 | D:10     | Entered Level 10 of the Dungeon
 13958 | D:10     | Found Tuddos's Assorted Antiques.
 13964 | D:10     | Bought a coiled steel ring for 130 gold pieces
 13964 | D:10     | Identified the ring "Ugom" {Ice Dex+3} (You bought it in a
                  | shop on level 10 of the Dungeon)
 13964 | D:10     | Bought a scroll of identify for 52 gold pieces
 13964 | D:10     | Bought a potion of haste for 260 gold pieces
 13964 | D:10     | Bought a scroll of teleportation for 78 gold pieces
 14000 | D:10     | Found a transporter.
 14076 | D:10     | Noticed Grum
 14086 | D:10     | Noticed a death yak
 14086 | D:10     | Noticed Harold
 14115 | D:10     | Noticed a rakshasa
 14115 | D:10     | Noticed a tengu warrior
 14225 | D:10     | Noticed a death yak
 14383 | D:9      | Killed Harold
 14384 | D:9      | Reached XP level 11. HP: 33/48 MP: 11/17
 14513 | D:10     | Killed Grum
 14571 | D:10     | Learned a level 6 spell: Statue Form
 14642 | D:10     | Noticed a death yak
 14667 | D:10     | Noticed a tengu warrior
 14810 | D:10     | Noticed Maggie
 14853 | D:10     | Received a gift from Nemelex Xobeh
 14861 | D:10     | Killed a tengu warrior
 14866 | D:10     | Found a staircase to the Lair.
 14881 | Lair:1   | Entered Level 1 of the Lair of Beasts
 14989 | Lair:1   | Reached **** piety under Nemelex Xobeh
 14989 | Lair:1   | Found a runed translucent gate.
 16198 | Lair:1   | Noticed a death yak
 16213 | Lair:1   | Noticed a death yak
 16239 | Lair:1   | Found a runed translucent gate.
 16240 | Lair:1   | Found a runed translucent gate.
 16247 | Lair:1   | Noticed a great orb of eyes
 16248 | Lair:1   | Noticed Arunde's ghost (journeyman MiBe)
 16253 | Lair:1   | Found a viscous altar of Jiyva.
 16305 | Lair:1   | Noticed a death yak
 16306 | Lair:1   | Noticed a death yak
 16649 | Lair:1   | Noticed a death yak
 16941 | Lair:2   | Received a gift from Nemelex Xobeh
 16998 | Lair:2   | Noticed a bog body
 17012 | Lair:2   | Noticed a bog body
 17019 | Lair:2   | Killed a bog body
 17020 | Lair:2   | Reached skill level 5 in Transmutations
 17020 | Lair:2   | Found a staircase to the Swamp.
 17057 | Lair:2   | Killed a bog body
 17369 | Lair:2   | Gained mutation: Your thick and shaggy fur keeps you warm.
                  | (AC +3, rC+) [Felid growth]
 17369 | Lair:2   | Reached XP level 12. HP: 46/52 MP: 10/19
 17411 | Lair:2   | Received a gift from Nemelex Xobeh
 17538 | Lair:2   | Reached ***** piety under Nemelex Xobeh
 18123 | Lair:2   | Killed a death yak
 18578 | Lair:2   | Reached skill level 5 in Ice Magic
 19434 | Lair:3   | Noticed Fannar
 19509 | Lair:3   | Killed Fannar
 19633 | Lair:3   | Reached skill level 10 in Unarmed Combat
 19816 | Lair:4   | Identified the ring of Bupomoza {rPois rC+ Dex+3}
 19888 | Lair:4   | Received a gift from Nemelex Xobeh
 20229 | Lair:4   | Noticed Sonja
 20356 | Lair:4   | Noticed a death yak
 20416 | Lair:4   | Killed Sonja
 20524 | Lair:4   | Noticed a death yak
 20524 | Lair:4   | Noticed a death yak
 20524 | Lair:4   | Noticed a death yak
 20527 | Lair:4   | Noticed a death yak
 20528 | Lair:4   | Noticed a death yak
 20585 | Lair:4   | Killed a death yak
 20762 | Lair:4   | Reached XP level 13. HP: 57/57 MP: 15/20
 21515 | Lair:4   | Received a gift from Nemelex Xobeh
 21778 | Lair:2   | Found a hole to the Spider Nest.
 22981 | Lair:5   | Entered Level 5 of the Lair of Beasts
 23209 | Lair:5   | Received a gift from Nemelex Xobeh
 23381 | Lair:5   | Mangled by a catoblepas
 23382 | Lair:5   | Reached XP level 12. HP: -9/54 MP: 17/19
 23514 | Lair:5   | Noticed Urug
 23630 | Lair:5   | Reached skill level 1 in Earth Magic
 24345 | Lair:5   | a catoblepas changed into a quicksilver ooze
 24345 | Lair:5   | Noticed a quicksilver ooze
 24350 | Lair:5   | Killed a quicksilver ooze
 24351 | Lair:5   | Reached XP level 13. HP: 57/57 MP: 20/20
 24464 | Lair:5   | Found a runed translucent door.
 24464 | Lair:5   | Noticed a fire dragon
 25161 | Lair:5   | Found a staircase to the Slime Pits.
 25201 | Lair:5   | Killed Urug
 26584 | Lair:5   | a catoblepas changed into an emperor scorpion
 26584 | Lair:5   | Noticed an emperor scorpion
 27210 | Lair:5   | Identified the +1 mace of Meager Forgiveness {flame, rElec}
 27292 | Lair:5   | Killed an emperor scorpion
 28056 | D:10     | Killed Maggie
 28057 | D:10     | Reached skill level 10 in Invocations
 28092 | D:10     | Found a shadowy altar of Dithmenos.
 28097 | D:10     | Found a snail-covered altar of Cheibriados.
 28103 | D:10     | Found a basalt altar of Yredelemnul.
 28197 | D:10     | Found a transporter.
 28339 | D:10     | Reached skill level 5 in Earth Magic
 28459 | D:11     | Received a gift from Nemelex Xobeh
 28632 | D:11     | Received a gift from Nemelex Xobeh
 28991 | D:11     | Received a gift from Nemelex Xobeh
 29088 | D:10     | Reached skill level 10 in Transmutations
 29177 | D:10     | Reached XP level 14. HP: 29/61 MP: 17/22
 29182 | D:10     | Identified the amulet of Sloth {Acrobat Stlth+}
 31044 | D:12     | Received a gift from Nemelex Xobeh
 31049 | D:12     | Reached skill level 5 in Spellcasting
 31283 | D:12     | Reached ****** piety under Nemelex Xobeh
 31417 | D:12     | Received a gift from Nemelex Xobeh
 32040 | D:12     | Gained mutation: You are agile. (Dex +4, Str/Int -1) [a
                  | neqoxec]
 32332 | D:12     | Found an iron altar of Okawaru.
 32388 | D:12     | Found Piocac's Antique Armour Shoppe.
 32446 | D:13     | Received a gift from Nemelex Xobeh
 32799 | D:13     | Found Gykhuclu's Antique Armour Shoppe.
 32817 | D:13     | Received a gift from Nemelex Xobeh
 32988 | D:13     | Noticed Snorg
 32994 | D:13     | Killed Snorg
 33512 | D:14     | Reached skill level 10 in Fighting
 33803 | D:14     | Noticed a fire giant
 33921 | D:14     | Received a gift from Nemelex Xobeh
 34294 | D:14     | Identified the +5 scimitar of Awkul {flame, rC+}
 34625 | D:14     | Found a gate to the Vaults.
 34829 | D:14     | Received a gift from Nemelex Xobeh
 35026 | D:15     | Entered Level 15 of the Dungeon
 35792 | D:14     | Reached XP level 15. HP: 28/69 MP: 17/23
 36108 | D:15     | Reached skill level 15 in Dodging
 36887 | D:15     | Received a gift from Nemelex Xobeh
 37004 | D:15     | Found a staircase to the Depths.
 37246 | D:15     | Received a gift from Nemelex Xobeh
 37437 | Orc:1    | Entered Level 1 of the Orcish Mines
 37579 | Orc:2    | Entered Level 2 of the Orcish Mines
 37835 | Orc:1    | Received a gift from Nemelex Xobeh
 38090 | Orc:2    | Reached skill level 15 in Unarmed Combat
 38126 | Orc:2    | Received a gift from Nemelex Xobeh
 38492 | Orc:2    | Found Ucykkoyg's General Store.
 38568 | Orc:2    | Bought a scroll of poison for 64 gold pieces
 38837 | Orc:2    | Received a gift from Nemelex Xobeh
 38916 | Orc:2    | Found a staircase to the Elven Halls.
 39874 | Orc:2    | Found Hyati's Antique Armour Boutique.
 39878 | Orc:2    | Found Houcy's Antique Weapon Shop.
 40119 | Orc:2    | Found Soifer's Book Shop.
 40139 | Orc:2    | Bought a book of the Dragon for 552 gold pieces
 40382 | Lair:1   | Killed Arunde's ghost
 40520 | Swamp:1  | Entered Level 1 of the Swamp
 40704 | Swamp:1  | Noticed Roxanne
 41017 | Swamp:1  | Received a gift from Nemelex Xobeh
 41213 | Swamp:1  | Noticed Donald
 41221 | Swamp:1  | Killed Donald
 41814 | Swamp:2  | Noticed a Hell Sentinel
 42224 | Swamp:2  | Received a gift from Nemelex Xobeh
 42457 | Swamp:2  | Found a transporter.
 42581 | Swamp:2  | Found a transporter.
 42690 | Swamp:2  | Found a one-way gate to the infinite horrors of the Abyss.
 42690 | Swamp:2  | Noticed Amet's ghost (journeyman MiBe)
 42894 | Swamp:3  | Reached XP level 16. HP: 73/73 MP: 24/24
 42967 | Swamp:3  | Learned a level 7 spell: Dragon Form
 43808 | Swamp:4  | Entered Level 4 of the Swamp
 43866 | Swamp:3  | Reached skill level 15 in Transmutations
 44800 | Swamp:3  | Paralysed by a hornet for 2 turns
 45093 | Swamp:4  | Received a gift from Nemelex Xobeh
 45170 | Swamp:4  | Mangled by a will-o-the-wisp
 45171 | Swamp:4  | Reached XP level 15. HP: -9/69 MP: 14/23
 47662 | Swamp:4  | Got a decaying rune of Zot
 47870 | Spider:1 | Entered Level 1 of the Spider Nest
 47870 | Spider:1 | Noticed an emperor scorpion
 47872 | Spider:1 | Killed an emperor scorpion
 47879 | Spider:1 | Received a gift from Nemelex Xobeh
 48511 | Spider:1 | Reached XP level 16. HP: 73/73 MP: 21/24
 48610 | Spider:1 | Found a hide-covered altar of Uskayaw.
 49052 | Spider:2 | Received a gift from Nemelex Xobeh
 49170 | Spider:2 | Noticed Frances
 49952 | Spider:2 | Killed Frances
 49969 | Spider:2 | Received a gift from Nemelex Xobeh
 50029 | Spider:2 | Identified the +1 pair of gloves of Untruth {rF+ Str+3
                  | Int+4 Dex+3}
 51414 | Spider:3 | Received a gift from Nemelex Xobeh
 51490 | Spider:3 | Noticed Jorgrun
 52036 | Spider:3 | Noticed Arachne
 52043 | Spider:3 | Killed Jorgrun
 52046 | Spider:3 | Killed Arachne
 52368 | Spider:3 | Received a gift from Nemelex Xobeh
 52508 | Spider:4 | Entered Level 4 of the Spider Nest
 52566 | Spider:4 | Noticed Nikola
 52692 | Spider:4 | Noticed Mlioglotl
 52709 | Spider:4 | Killed Mlioglotl
 52809 | Spider:4 | Killed Nikola
 53546 | Spider:4 | Reached XP level 17. HP: 76/76 MP: 25/25
 54139 | Spider:4 | Got a gossamer rune of Zot
 55035 | Elf:1    | Entered Level 1 of the Elven Halls
 55140 | Elf:1    | Received a gift from Nemelex Xobeh
 55646 | Elf:1    | Found Bumnil's Distillery.
 55655 | Elf:1    | Bought a potion of flight for 36 gold pieces
 55655 | Elf:1    | Bought a potion of flight for 36 gold pieces
 55655 | Elf:1    | Bought a potion of curing for 36 gold pieces
 55655 | Elf:1    | Bought a potion of ambrosia for 96 gold pieces
 55655 | Elf:1    | Bought a potion of mutation for 96 gold pieces
 55655 | Elf:1    | Bought a potion of flight for 36 gold pieces
 55655 | Elf:1    | Bought a potion of heal wounds for 60 gold pieces
 55655 | Elf:1    | Bought a potion of curing for 36 gold pieces
 55655 | Elf:1    | Bought a potion of mutation for 96 gold pieces
 56546 | Elf:2    | Paralysed by an air elemental for 1 turns
 56601 | Elf:2    | Found a runed translucent gate.
 56601 | Elf:2    | Found a runed translucent gate.
 56601 | Elf:2    | Found a runed translucent gate.
 56692 | Elf:2    | Received a gift from Nemelex Xobeh
 57553 | Elf:2    | Reached XP level 18. HP: 84/84 MP: 21/28
 58078 | Elf:3    | Entered Level 3 of the Elven Halls
 58105 | Elf:3    | Found a frozen archway.
 58309 | IceCv    | Entered an ice cave
 58933 | IceCv    | Found an ancient bone altar of Kikubaaqudgha.
 59105 | IceCv    | Identified the staff of conjuration "Qeav" {rPois rC+
                  | rCorr}
 59706 | IceCv    | Noticed a lich
 59890 | IceCv    | Killed a lich
 60166 | Elf:3    | Received a gift from Nemelex Xobeh
 60601 | Elf:3    | Reached skill level 15 in Fighting
 60719 | Elf:3    | Received a gift from Nemelex Xobeh
 61547 | Elf:3    | Identified the +4 scimitar of the Butterfly {flame, rPois}
 61718 | Elf:3    | Identified the ring "Nomeer" {Wiz Str+4}
 61942 | Elf:3    | Noticed a Tzitzimitl
 62033 | Elf:3    | Identified the +1 leather armour of Ashenzari's Generosity
                  | {Str-2 Int+2 Dex+3}
 62059 | Elf:3    | Noticed a Hell Sentinel
 62238 | Abyss:3  | Cast into level 3 of the Abyss (a deep elf demonologist)
 62256 | Abyss:3  | Received a gift from Nemelex Xobeh
 62420 | Abyss:3  | Reached XP level 19. HP: 74/74 MP: 29/29
 62569 | Abyss:3  | Noticed a bone dragon
 62586 | Abyss:3  | Killed a bone dragon
 62589 | Elf:3    | Escaped the Abyss
 62945 | Elf:3    | Identified the +2 leather armour of Hopscotch {rC+ Int+2}
 62960 | Elf:3    | Noticed a Tzitzimitl
 62961 | Elf:3    | Identified the +0 plate armour of the Accordion {+Inv rElec
                  | rF+}
 63201 | Elf:3    | Got Seacoix's Cyclopedia of the Tundra and Fever
 63202 | Elf:3    | Identified the staff of cold "Faorosch" {rC+ Str+4}
 63229 | Elf:3    | Identified the +3 sling of Instinct {drain, rPois Dex+2}
 63238 | Elf:3    | Identified the +1 scale mail "Litsotzi" {Harm rCorr Str-5
                  | Dex+6}
 63655 | Vaults:1 | Entered Level 1 of the Vaults
 63770 | Vaults:1 | Received a gift from Nemelex Xobeh
 63788 | Vaults:1 | Found a magical portal.
 63801 | WizLab   | Entered The Roulette of Golubria
 63801 | WizLab   | Found a transporter.
 63804 | WizLab   | Found a corrupted altar of Lugonu.
 63834 | WizLab   | Found a transporter.
 63883 | WizLab   | Found a corrupted altar of Lugonu.
 63913 | WizLab   | Found a transporter.
 63988 | WizLab   | Found a transporter.
 63995 | WizLab   | Found a transporter.
 64043 | WizLab   | Found a transporter.
 64071 | WizLab   | Found a transporter.
 64088 | WizLab   | Found a corrupted altar of Lugonu.
 64137 | WizLab   | Found a transporter.
 64137 | WizLab   | Found a transporter.
 64164 | WizLab   | Found a transporter.
 64206 | WizLab   | Identified the ring "Alo Iha" {rElec Dex+6}
 64208 | WizLab   | Identified the +0 cloak of Restlessness {Will++}
 64228 | WizLab   | Found a transporter.
 64228 | WizLab   | Found a transporter.
 64251 | WizLab   | Found a transporter.
 64271 | WizLab   | Found a transporter.
 64271 | WizLab   | Found a transporter.
 64306 | WizLab   | Found a transporter.
 64361 | WizLab   | Found a transporter.
 64361 | WizLab   | Found a transporter.
 64391 | WizLab   | Found a transporter.
 64391 | WizLab   | Found a transporter.
 64612 | Vaults:1 | Received a gift from Nemelex Xobeh
 65496 | Vaults:1 | Received a gift from Nemelex Xobeh
 66268 | Vaults:2 | Found a crumbling gateway.
 66281 | Desolati | Entered the Desolation of Salt
 66335 | Desolati | Received a gift from Nemelex Xobeh
 66395 | Desolati | Reached XP level 20. HP: 97/97 MP: 24/30
 66502 | Desolati | Identified the ring "Plog" {+Blink rElec AC+4 Str+3 Int+4}
 66581 | Desolati | Found the +8 autumn katana {manifold assault}
 66647 | Desolati | Found the +4 consecrated labrys {holy, Valiant Fragile Fly
                  | SInv}
 66785 | Desolati | Identified the +1 flail of Katetysk {heavy, Stlth+}
 66813 | Desolati | Got the Omnibus of the Wilderness
 66864 | Desolati | Identified the +0 arbalest of Strategic Superiority
                  | {freeze, rElec Int+3 Stlth-}
 66909 | Desolati | Identified the +1 chain mail "Mayf" {Harm}
 67063 | Desolati | Received a gift from Nemelex Xobeh
 67316 | Desolati | Identified the +7 longbow "Xyunur" {drain, rF+ Will+ Dex+4}
 67337 | Desolati | Identified the ring "Roin" {rF+ rC- Str+4}
 67352 | Desolati | Identified the +2 robe "Agerhyor" {rF++ rN+ rCorr Int-5}
 67575 | Desolati | Identified the +5 morningstar of Defilement {vamp, rN++
                  | Dex-2}
 68020 | Vaults:2 | Found Qimpet's Distillery.
 68025 | Vaults:2 | Bought a potion of mutation for 112 gold pieces
 68025 | Vaults:2 | Bought a potion of brilliance for 56 gold pieces
 68025 | Vaults:2 | Bought a potion of brilliance for 56 gold pieces
 68025 | Vaults:2 | Bought a potion of flight for 42 gold pieces
 68025 | Vaults:2 | Bought a potion of curing for 42 gold pieces
 68025 | Vaults:2 | Bought a potion of curing for 42 gold pieces
 68025 | Vaults:2 | Bought a potion of haste for 140 gold pieces
 68025 | Vaults:2 | Bought a potion of curing for 42 gold pieces
 68496 | Vaults:2 | Received a gift from Nemelex Xobeh
 68526 | Vaults:2 | Found a staircase to the Crypt.
 69090 | Vaults:3 | Reached XP level 21. HP: 100/100 MP: 24/31
 69577 | Vaults:3 | Received a gift from Nemelex Xobeh
 70277 | Vaults:3 | Noticed Zenata
 70442 | Vaults:3 | Received a gift from Nemelex Xobeh
 70541 | Vaults:3 | Learned a level 5 spell: Lee's Rapid Deconstruction
 70719 | Vaults:3 | Killed Zenata
 71013 | Vaults:4 | Found Ygoda's Weapon Boutique.
 71710 | Vaults:4 | Noticed Aizul
 71719 | Vaults:4 | Killed Aizul
 71826 | Vaults:4 | Reached skill level 10 in Earth Magic
 71851 | Vaults:4 | Received a gift from Nemelex Xobeh
 72603 | Crypt:1  | Entered Level 1 of the Crypt
 72801 | Crypt:1  | Received a gift from Nemelex Xobeh
 72902 | Crypt:1  | Reached XP level 22. HP: 105/105 MP: 25/32
 73802 | Crypt:2  | Found a runed translucent door.
 73817 | Crypt:2  | Noticed Nexecaru's ghost (veteran MiGl)
 73874 | Crypt:2  | Received a gift from Nemelex Xobeh
 74387 | Crypt:2  | Received a gift from Nemelex Xobeh
 74834 | Crypt:2  | Killed Nexecaru's ghost
 74918 | Crypt:3  | Entered Level 3 of the Crypt
 75572 | Crypt:3  | Received a gift from Nemelex Xobeh
 75678 | Crypt:3  | Acquired a book of Party Tricks
 75682 | Crypt:3  | Learned a level 1 spell: Apportation
 75917 | Crypt:3  | Found a staircase to the Tomb.
 76491 | Crypt:3  | Noticed an ancient lich
 76499 | Crypt:3  | Killed an ancient lich
 76500 | Crypt:3  | Reached skill level 27 in Unarmed Combat
 76777 | Crypt:3  | Received a gift from Nemelex Xobeh
 76917 | Crypt:3  | Noticed Mennas
 76935 | Crypt:3  | Killed Mennas
 77040 | Crypt:3  | Found a basalt altar of Yredelemnul.
 77046 | Crypt:3  | Found an ancient bone altar of Kikubaaqudgha.
 77062 | Crypt:3  | Identified the staff of death "Odaycom" {rN+ Will+}
 77089 | Crypt:3  | Found the +11 Singing Sword {sonic wave}
 78043 | Swamp:1  | Killed Roxanne
 78243 | Swamp:2  | Killed Amet's ghost
 78244 | Swamp:2  | Reached XP level 23. HP: 111/111 MP: 19/33
 78358 | Swamp:2  | Identified the +6 scale mail of the Harvest {Int+4 Stlth+}
 78604 | Depths:1 | Entered Level 1 of the Depths
 78867 | Depths:1 | Found a gateway to Hell.
 78967 | Depths:1 | Found a runed translucent gate.
 78967 | Depths:1 | Found a runed translucent gate.
 78967 | Depths:1 | Found a runed translucent gate.
 78968 | Depths:1 | Noticed 0gre's ghost (adept GnIE)
 78968 | Depths:1 | Noticed an ancient lich
 79194 | Depths:1 | Received a gift from Nemelex Xobeh
 79842 | Depths:1 | Killed an ancient lich
 79853 | Depths:1 | Killed 0gre's ghost
 79896 | Depths:1 | Identified the ring "Xoumuf" {rElec rC- rN+ Will+ MP+9}
 80454 | Depths:2 | Reached XP level 24. HP: 123/123 MP: 29/33
 80624 | Depths:2 | Received a gift from Nemelex Xobeh
 80726 | Depths:2 | Identified the +0 ring mail of Oblivion {rF+ MP+9 Str-2}
 80963 | Depths:2 | Noticed Saint Roka
 81003 | Depths:2 | Killed Saint Roka
 81096 | Depths:2 | Received a gift from Nemelex Xobeh
 81355 | Depths:2 | Found a one-way gate leading to the halls of Pandemonium.
 81424 | Depths:2 | Found a blossoming altar of Fedhas.
 81427 | Depths:2 | Received a gift from Nemelex Xobeh
 81641 | Depths:3 | Noticed a juggernaut
 81643 | Depths:3 | Killed a juggernaut
 81766 | Depths:3 | Found a one-way gateway to a ziggurat.
 81808 | Depths:3 | Found a flickering gateway to a bazaar.
 81817 | Bazaar   | Entered a bazaar
 81817 | Bazaar   | Found Ziejorho's Armour Shoppe.
 81817 | Bazaar   | Found Ceimmou's Magic Scroll Emporium.
 81833 | Bazaar   | Found Lunumas's Assorted Antiques.
 81843 | Bazaar   | Bought a scroll of vulnerability for 96 gold pieces
 81843 | Bazaar   | Bought a scroll of teleportation for 72 gold pieces
 81843 | Bazaar   | Bought a wand of roots (6) for 345 gold pieces
 81849 | Bazaar   | Found Hilosad's Armour Emporium.
 81853 | Bazaar   | Bought a scroll of amnesia for 32 gold pieces
 81853 | Bazaar   | Bought a scroll of teleportation for 24 gold pieces
 81853 | Bazaar   | Bought a scroll of vulnerability for 32 gold pieces
 81853 | Bazaar   | Bought a scroll of magic mapping for 60 gold pieces
 81853 | Bazaar   | Bought a scroll of teleportation for 24 gold pieces
 81853 | Bazaar   | Bought a scroll of immolation for 32 gold pieces
 81982 | Depths:3 | Acquired the ring of Toaff {rC+ rCorr Str+3 Slay+4}
 82061 | Depths:3 | Received a gift from Nemelex Xobeh
 82544 | Depths:3 | Received a gift from Nemelex Xobeh
 83036 | Depths:4 | Entered Level 4 of the Depths
 83391 | Depths:4 | Found a gate to the Realm of Zot.
 83948 | Depths:4 | Received a gift from Nemelex Xobeh
 84299 | Vaults:5 | Entered Level 5 of the Vaults
 84301 | Vaults:5 | Noticed a dread lich
 84312 | Vaults:5 | Killed a dread lich
 84313 | Vaults:5 | Reached XP level 25. HP: 133/133 MP: 28/33
 84514 | Vaults:5 | Found the +12 pair of quick blades "Gyre" and "Gimble"
                  | {protect}
 84528 | Vaults:5 | Noticed an ancient lich
 84663 | Vaults:5 | Found the amulet of the Four Winds {rN+ Will+++ Clar}
 84803 | Vaults:5 | Killed an ancient lich
 84911 | Vaults:5 | Received a gift from Nemelex Xobeh
 84917 | Vaults:5 | Noticed a dread lich
 84929 | Vaults:5 | Killed a dread lich
 85324 | Vaults:5 | Identified the +3 lajatang of Butchery {freeze, Drain Str+3
                  | Dex+5 Stlth+}
 85329 | Vaults:5 | Got a silver rune of Zot
 85330 | Vaults:5 | Found the +11 plutonium sword {Contam Stlth-}
 85335 | Vaults:5 | Identified the +0 scale mail of Satisfaction {rF- Int+3
                  | SInv Stlth+}
 85765 | Vaults:5 | Noticed an ancient lich
 85773 | Vaults:5 | Killed an ancient lich
 85814 | Vaults:5 | Identified the amulet of Happiness {Reflect rElec Int+3
                  | SH+5}
 85821 | Vaults:5 | Identified the +0 ring mail of Supple Strength {Fly Dex+2}
 85826 | Vaults:5 | Identified the staff of cold "Zeled" {*Slow rF+ rC+ Int-4
                  | Dex+8}
 85919 | Vaults:5 | Found the +5 Lochaber axe {reach-cleave, Poleaxe Drain}
 85988 | Vaults:5 | Noticed Mara
 86036 | Vaults:5 | Killed Mara
 86240 | Vaults:5 | Received a gift from Nemelex Xobeh
 86591 | Zot:1    | Entered Level 1 of the Realm of Zot
 86623 | Zot:1    | Received a gift from Nemelex Xobeh
 86673 | Zot:1    | Noticed an orb of fire
 86681 | Zot:1    | Lost mutation: You are agile. (Dex +4, Str/Int -1) [an orb
                  | of fire]
 86686 | Zot:1    | Killed an orb of fire
 86712 | Zot:1    | Reached skill level 27 in Fighting
 87497 | Zot:1    | Reached XP level 26. HP: 145/145 MP: 26/33
 87908 | Zot:1    | Received a gift from Nemelex Xobeh
 88330 | Zot:2    | Noticed an ancient lich
 88338 | Zot:2    | Killed an ancient lich
 88441 | Zot:2    | Noticed an orb of fire
 88444 | Zot:2    | Killed an orb of fire
 89172 | Zot:2    | You fall into a shaft and drop 2 floors!
 89267 | Zot:3    | Received a gift from Nemelex Xobeh
 89873 | Zot:3    | Received a gift from Nemelex Xobeh
 91246 | Zot:4    | Identified the ring of Obsession {Ice rElec Int-2 Dex+2
                  | Slay+4}
 91246 | Zot:4    | Noticed Josephina
 91263 | Zot:4    | Killed Josephina
 92307 | Zot:5    | Entered Level 5 of the Realm of Zot
 92313 | Zot:5    | Found a huge runed gate.
 92313 | Zot:5    | Found a huge runed gate.
 92313 | Zot:5    | Found a huge runed gate.
 92313 | Zot:5    | Found a huge runed gate.
 92313 | Zot:5    | Found a huge runed gate.
 92313 | Zot:5    | Found a huge runed gate.
 92313 | Zot:5    | Found a huge runed gate.
 92313 | Zot:5    | Found a huge runed gate.
 92334 | Zot:5    | Reached XP level 27. HP: 149/149 MP: 27/33
 92340 | Zot:5    | Received a gift from Nemelex Xobeh
 92391 | Zot:5    | Found a huge runed gate.
 92391 | Zot:5    | Found a huge runed gate.
 92391 | Zot:5    | Found a huge runed gate.
 92391 | Zot:5    | Found a huge runed gate.
 92391 | Zot:5    | Found a huge runed gate.
 92391 | Zot:5    | Found a huge runed gate.
 92392 | Zot:5    | Found a huge runed gate.
 92392 | Zot:5    | Found a huge runed gate.
 92392 | Zot:5    | Found a huge runed gate.
 92395 | Zot:5    | Found a huge runed gate.
 92395 | Zot:5    | Found a huge runed gate.
 92395 | Zot:5    | Found a huge runed gate.
 92395 | Zot:5    | Found a huge runed gate.
 92395 | Zot:5    | Found a huge runed gate.
 92395 | Zot:5    | Found a huge runed gate.
 92395 | Zot:5    | Found a huge runed gate.
 92396 | Zot:5    | Found a huge runed gate.
 92397 | Zot:5    | Found a huge runed gate.
 92405 | Zot:5    | Found a huge runed gate.
 92405 | Zot:5    | Found a huge runed gate.
 92405 | Zot:5    | Found a huge runed gate.
 92405 | Zot:5    | Found a huge runed gate.
 92405 | Zot:5    | Found a huge runed gate.
 92405 | Zot:5    | Found a huge runed gate.
 92405 | Zot:5    | Found a huge runed gate.
 92406 | Zot:5    | Found a huge runed gate.
 92407 | Zot:5    | Found a huge runed gate.
 92415 | Zot:5    | Found a huge runed gate.
 92879 | Zot:5    | Reached skill level 27 in Dodging
 92886 | Zot:5    | Noticed an orb of fire
 92887 | Zot:5    | Killed an orb of fire
 92902 | Zot:5    | Noticed an ancient lich
 92905 | Zot:5    | Killed an ancient lich
 93176 | Zot:5    | Noticed an ancient lich
 93198 | Zot:5    | Killed an ancient lich
 93326 | Zot:5    | Noticed an orb of fire
 93526 | Zot:5    | Received a gift from Nemelex Xobeh
 93652 | Zot:5    | Noticed an orb of fire
 93658 | Zot:5    | Killed an orb of fire
 93664 | Zot:5    | Killed an orb of fire
 94041 | Zot:5    | Got the Orb of Zot
 94114 | Zot:2    | Noticed Onush the pandemonium lord
 94575 | D:$      | Escaped with the Orb!

Illustrated notes

Levels and vault maps discovered:
D:1:      dpeg_arrival_ratfight, layout_rooms
D:2:      layout_loops_corners
D:3:      layout_loops_ring
D:4:      layout_loops_ring, minmay_temple_entry_drinking_statues,
          gup_sewer_entry_glass, roderic_malta_cross,
          hangedman_decor_diamond_cutter, uniq_edmund, uniq_eustachio,
          uniq_crazy_yiuf_cottage
D:5:      layout_basic, serial_corexii_hall, chequers_hall_statues_wall_a,
          corexii_hall_statues_deadend
D:6:      layout_loops_ring, enter_ossuary_5, st_stairs_7, grunt_decor_fettered,
          chequers_garden, hangedman_decor_points, hangedman_feature_mirror
D:7:      layout_loops_cross, mainiacjoe_overflow_chevrons,
          chequers_mini_garden, minmay_fractal_squares_gapless_5, uniq_joseph,
          uniq_prince_ribbit1
D:8:      black_bear_nest_1, layout_basic, nicolae_looking_at_the_future
D:9:      layout_rooms, orc_0_dummy, library_closet, nzn_random_ring
D:10:     gammafunk_worm_tunnel, layout_cave_pools,
          minmay_overflow_temple_star_quad, dpeg_lair_monsters, serial_shops,
          shop, minmay_diamond_spiral, uniq_grum, uniq_maggie, uniq_harold
D:11:     cheibrodos_steamvent, layout_grid_maze
D:12:     layout_cave_pools, serial_demonic, serial_demonic_b, serial_demonic_c,
          serial_demonic_b, serial_demonic_b, serial_demonic_a,
          serial_demonic_c, serial_demonic_e, serial_demonic_f,
          serial_demonic_f, serial_demonic_f, serial_shops,
          nicolae_shop_back_alley_shop, okawaru_altar_gauntlet_db
D:13:     layout_basic, serial_shops, shop, uniq_snorg
D:14:     layout_long_grid, hangedman_vaults_entry_quadrant_bands,
          minmay_checkered_concentric_circles
D:15:     hangedman_depths_entry_civil_slaughter, layout_irregular_city,
          st_stairs_5
Temple:   dpeg_five_rooms_temple
Lair:1:   layout_loops_ring, gammafunk_ghost_ooze, kennysheep_abandoned_house,
          grunt_megastairs_1
Lair:2:   layout_cave_pods, skrybe_swamp_entry_bodies,
          spider_nest_entry_funnel_web
Lair:3:   layout_cave_pods, minmay_lair_oklob_bushes, uniq_fannar
Lair:4:   layout_gridlike, serial_forest, infiniplex_forest_lined_3_way,
          infiniplex_forest_clump_small, infiniplex_forest_clump_long,
          infiniplex_forest_lined_ring, infiniplex_forest_lined_room_2,
          infiniplex_forest_clump_long, infiniplex_forest_lined_1,
          lemuel_fruit_tree, uniq_sonja
Lair:5:   hangedman_lair_caniforms_friends, layout_loops_ring, wormcave,
          minmay_slime_entry_pillars, uniq_urug
Swamp:1:  layout_falls_marsh, nicolae_swamp_fairy_circle, swamp_pool5,
          nicolae_swamp_trees_clearing, infiniplex_staircase_pool_2,
          uniq_roxanne, uniq_donald
Swamp:2:  layout_falls_marsh, gammafunk_ghost_abyssal_escape,
          nicolae_swamp_very_dense_foliage, swamp_pool1
Swamp:3:  layout_basic_swamp, hangedman_swamp_ruin_wall
Swamp:4:  swamp_vile, layout_basic_swamp, swamp_pool4, hangedman_swamp_pad
Spider:1: layout_spider_delve, nicolae_spider_altar_of_dancing
Spider:2: nicolae_spider_hilbert_zone_5 [nicolae_spider_hilbert_3_sides_1_open,
          nicolae_spider_hilbert_4_sides_1_open,
          nicolae_spider_hilbert_4_sides_1_open,
          nicolae_spider_hilbert_6_sides_1_open,
          nicolae_spider_hilbert_6_sides_1_open], hangedman_spider_mandibles,
          drop_trap, uniq_frances
Spider:3: layout_spider_delve, hangedman_spider_tarantella_strand, uniq_jorgrun,
          uniq_arachne
Spider:4: grunt_spider_rune_parallel, nicolae_spider_wall_of_niches,
          uniq_mlioglotl, uniq_nikola
Orc:1:    layout_caves
Orc:2:    grunt_orc_community_town_hall, layout_diamond_mine,
          grunt_orc_community_big_house_1, grunt_orc_community_big_house_2,
          grunt_orc_community_house_3, grunt_orc_community_house_1,
          grunt_orc_community_house_3, grunt_orc_community_house_3,
          grunt_orc_community_house_2, lightli_orcish_oven
Elf:1:    nicolae_elf_arrival_fired_up, layout_gridlike, serial_shops,
          nicolae_shop_advertising_works [nicolae_subvault_shop_adworks],
          minivault_28
Elf:2:    nicolae_elf_blades_splatter_lattice
          [nicolae_blade_entry_sentries_behind_glass], layout_loops_cross,
          elves_outpost_lemuel
Elf:3:    minmay_elf_hall_not_hex, layout_gridlike,
          portal_ice_cave_entry_ice_simulacra
Vaults:1: mu_enter_wizlab_6, vaults_mumra_bighexcomb, nicolae_vaults_alarming,
          hangedman_vaults_nails, grunt_vaults_hallway_short, v_misc_12,
          nicolae_vaults_little_squares_1, nicolae_vaults_mini_display_case,
          v_pattern_1, vaults_room_corners, nicolae_vaults_house_2,
          layout_vaults_quadrants
Vaults:2: portal_desolation_entry_salt, v_rooms_3, hangedman_vaults_river_flow,
          ontoclasm_vaults_claustrophobia, vaults_room_glass_cross,
          vaults_room_door_ring, vaults_room_fours,
          nicolae_vaults_storage_room_glass, vaults_mumra_minichess_inversion,
          nicolae_vaults_ninety_degrees, nicolae_vaults_yaktaur_gun_rack,
          v_misc_14, minmay_crypt_entry_simple_box, nicolae_vaults_trapezoid_2,
          ontoclasm_vaults_decontamination, layout_vaults_big_cross,
          serial_shops, shop
Vaults:3: nicolae_vaults_little_squares_3, nicolae_vaults_network_square,
          v_alt_pattern_1, v_alt_pattern_1, nicolae_vaults_network_quinsquares
          [nicolae_vaults_network_quincunx_subvault,
          nicolae_vaults_network_quincunx_subvault,
          nicolae_vaults_network_quincunx_subvault,
          nicolae_vaults_network_quincunx_subvault],
          nicolae_vaults_three_branches, v_misc_19,
          nicolae_vaults_oval_intersection, nicolae_vaults_library_corner,
          vaults_room_grid, nicolae_vaults_little_squares_3, v_misc_2,
          nicolae_vaults_trapezoid_2, layout_vaults_ring, uniq_zenata
Vaults:4: nicolae_vaults_little_ls, st_diamondy, nicolae_vaults_shelves_hall,
          nicolae_vaults_shrinking_rooms_2, v_misc_24,
          vaults_standard_mumra_enter_the_diamond, vaults_room_pools,
          vaults_standard_mumra_lines, hangedman_vaults_pinch,
          nicolae_vaults_double_plus_2, vaults_room_fancy_cross,
          nicolae_vaults_trapezoid_3, nicolae_vaults_taking_the_gang_shopping,
          layout_vaults_maze, uniq_aizul
Vaults:5: uniq_mara
Crypt:1:  layout_basic, grunt_crypt_arrival_webbed
Crypt:2:  layout_regular_city, ebering_ghost_reflecting_pool, grunt_megastairs_3
Crypt:3:  lightli_unholy_cathedral, layout_chaotic_city,
          tomb_entry_sphere_bobbens, uniq_mennas
Depths:1: layout_roguey, hellmouth_3, gammafunk_ghost_necromancy,
          kennysheep_donut, serial_bayou_lagoon_b
Depths:2: nicolae_fronds_of_death, layout_honeycomb, serial_sigils,
          serial_sigils_hangedman_gut, serial_sigils_hangedman_shear,
          serial_sigils_hangedman_shear, serial_sigils_hangedman_clutch,
          serial_sigils_hangedman_writhe, hell_entry, rand_demon_pan_entry_7,
          lemuel_round_altar, minmay_gold_behind_fungi, uniq_saint_roka
Depths:3: minmay_the_grid_plus [minmay_the_grid_odd_star,
          minmay_the_grid_large_cup, minmay_the_grid_expand,
          minmay_the_grid_mess, minmay_the_grid_prize_big_room],
          layout_gridlike, enter_ziggurat_a, abyss_entry_crystal,
          pf_dread_powers_of_hell, serial_sigils_hangedman_gut, serial_shops,
          freezing_bzr, grunt_pan_entry_zigzag, minivault_16
Depths:4: grunt_twist_and_shout, layout_gridlike, pf_hell_entry_tar_river,
          kennysheep_random_hallway
Zot:1:    layout_gridlike, zot_minivault_1
Zot:2:    layout_concentric_octagons, bh_zot_ikea_curve,
          hangedman_player_shredder
Zot:3:    layout_twisted_circle, drop_trap
Zot:4:    lemuel_halls_of_wrath, layout_basic, st_stairs_6, drop_trap,
          uniq_josephina
Zot:5:    layout_gridlike, hangedman_zot_decor_checkerboard,
          grunt_ministairs_14, door_vault

Skill      XL: |  1  2  3  4  5  6  7  8  9 10 11 12 13 14 15 16 17 18 19 20 21 22 23 24 25 26 27 |
---------------+----------------------------------------------------------------------------------+-----
Dodging        | 3 4 5 8 10 12 14 15 17 19 26 27 | 27.0
Fighting       | 2 3 5 6 7 10 12 15 16 20 24 27 | 27.0
Stealth        | 2 4 9 10 12 | 12.0
Hexes          | 2 3 5 6 7 |  7.7
Unarmed Combat | 4 5 6 7 8 9 11 14 15 17 18 21 24 25 27 | 27.0
Invocations    | 2 3 5 10 14 | 14.0
Transmutations | 3 4 6 9 10 11 18 19 20 | 20.0
Ice Magic      | 3 6 |  6.0
Spellcasting   | 3 4 5 6 |  6.1
Earth Magic    | 4 5 7 12 | 12.2

Action                     |  1- 3 |  4- 6 |  7- 9 | 10-12 | 13-15 | 16-18 | 19-21 | 22-24 | 25-27 || total
---------------------------+-------+-------+-------+-------+-------+-------+-------+-------+-------++-------
  Melee: Unarmed           |   146 |   182 |   223 |   589 |  1737 |  1020 |  1040 |  1058 |   737 ||  6732
         Bite              |    14 |    19 |    26 |    60 |   182 |   122 |   151 |   173 |   136 ||   883
         Punch             |     5 |     6 |    10 |    30 |   155 |   108 |   172 |   225 |   157 ||   868
         Headbutt          |     3 |    19 |    21 |    55 |   239 |    33 |     6 |       |       ||   376
         Tailslap          |       |       |       |       |     3 |    93 |   184 |   237 |   163 ||   680
   Cast: Beastly Appendage |     6 |    21 |    34 |    39 |   133 |    28 |     8 |       |       ||   269
         Ensorcelled Hiber |       |     6 |    56 |   152 |   168 |    76 |       |       |       ||   458
         Passwall          |       |       |     4 |     6 |     7 |    30 |     3 |     1 |       ||    51
         Confusing Touch   |       |       |       |    18 |    75 |    41 |       |     1 |       ||   135
         Ice Form          |       |       |       |     7 |    42 |    14 |       |       |       ||    63
         Dragon Form       |       |       |       |       |     2 |    88 |   107 |   101 |    97 ||   395
         Statue Form       |       |       |       |       |       |       |     1 |       |       ||     1
         Lee's Rapid Decon |       |       |       |       |       |       |       |    36 |     1 ||    37
 Invoke: Draw Summoning    |       |       |     4 |       |    11 |     4 |       |       |       ||    19
         Draw Destruction  |       |       |     4 |     8 |    15 |     5 |       |       |       ||    32
         Stack Five        |       |       |       |       |     1 |       |     1 |       |       ||     2
         Triple Draw       |       |       |       |       |     4 |       |       |       |       ||     4
         Draw Stack        |       |       |       |       |     2 |     1 |     1 |       |       ||     4
         Deal Four         |       |       |       |       |     5 |     4 |     1 |     6 |       ||    16
         Draw Escape       |       |       |       |       |       |     1 |       |       |       ||     1
Ability: End Transformatio |       |       |       |     7 |    42 |    73 |    72 |    28 |     5 ||   227
         Breathe Fire      |       |       |       |       |     2 |    35 |    32 |    32 |    18 ||   119
  Evoke: Wand              |       |       |       |     4 |     3 |     4 |       |     2 |     4 ||    17
    Use: Scroll            |     5 |     5 |    10 |     9 |    15 |    12 |     4 |     7 |     2 ||    69
         Potion            |     3 |     4 |     4 |     7 |     8 |     5 |       |     3 |     4 ||    38
   Stab: Sleeping          |     5 |     5 |    34 |    92 |   142 |    99 |    64 |    13 |    23 ||   477
         Distracted        |     1 |       |       |     4 |     9 |     8 |     7 |     8 |     5 ||    42
         Confused          |       |       |       |    15 |    65 |    40 |       |       |       ||   120
         Invisible         |       |       |       |       |     3 |       |       |       |       ||     3
         Paralysed         |       |       |       |       |       |     2 |       |       |       ||     2
 Armour: Skin              |     9 |     7 |    13 |    34 |    89 |   130 |   128 |   152 |    82 ||   644
  Dodge: Dodged            |    81 |   108 |   130 |   462 |  1576 |   641 |   482 |   472 |   302 ||  4254
